Map: Neon Violet Square LE

Players

Stephano - Winner!

  • Race: Zerg Zerg
  • League: Grandmaster
  • Spawn Location: 11:00

Minatoeh (Minato)

  • Race: Zerg Zerg
  • League: Master
  • Spawn Location: 5:00

Event: WESG Barcelona European Finals 2017

VOD

Have the link to the VOD?

Description

Time

  • Played on: Nov. 23, 2017, 8:22 a.m.
  • Length: 4:07

All games in this series

Show
View Real Time Build Order
Export as new Build Order

Stephano Zerg - Winner!

Build Orders: Hatch First 

Get SALT Encoding   

  12  0:00  Drone  
  13  0:13  Overlord  
  13  0:18  Drone  
  14  0:31  Drone x2  
  14  0:35  Drone  
  17  0:52  Hatchery  
  17  0:56  Drone  
  17  0:58  Drone  
  18  1:10  Extractor  
  17  1:15  Spawning Pool  
  17  1:17  Drone  
  17  1:20  Drone  
  18  1:29  Drone  
  19  1:39  Overlord  
  19  1:50  Drone  
  20  2:01  Queen  
  20  2:02  Zergling x2  
  20  2:04  Queen, Spine Crawler  
  20  2:06  Zergling x2  
  25  2:12  Metabolic Boost  
  25  2:16  Zergling x2  
  25  2:20  Zergling x2  
  27  2:25  Zergling x2  
  27  2:29  Zergling x2  
  28  2:37  Zergling x4  
  29  2:45  Zergling x2  
  29  2:49  Zergling x2  
  29  2:51  Queen  
  27  2:55  Zergling x2  
  28  2:59  Zergling x2  
  28  3:06  Zergling x2  
  28  3:12  Zergling x6  
  32  3:16  Zergling x4  
  31  3:23  Zergling x8  
  35  3:33  Zergling x2  
  35  3:34  Zergling x2  
Show
View Real Time Build Order
Export as new Build Order

Minatoeh Zerg 

Build Orders: 1 Base Baneling Bust, Pool Only, Zergling Baneling 

Get SALT Encoding   

  12  0:00  Drone  
  13  0:15  Extractor  
  12  0:25  Spawning Pool  
  11  0:29  Drone  
  11  0:34  Drone  
  13  0:39  Drone  
  14  0:51  Overlord  
  14  1:12  Zergling x2  
  14  1:14  Metabolic Boost  
  15  1:19  Queen  
  15  1:24  Zergling x2  
  18  1:35  Baneling Nest  
  18  1:39  Zergling x2  
  18  1:45  Zergling x2  
  19  1:49  Zergling x2  
  20  1:58  Overlord  
  20  2:05  Zergling x2  
  21  2:13  Zergling x2  
  22  2:20  Baneling  
  22  2:21  Baneling  
  22  2:25  Zergling x2  
  22  2:28  Zergling x2  
  22  2:29  Zergling x2  
  25  2:36  Baneling x2  
  25  2:37  Zergling x2  
  26  2:49  Zergling x4  
  27  3:02  Zergling x6  
  27  3:05  Baneling x2  
  29  3:14  Zergling x2  
  26  3:23  Zergling x2  
  24  3:33  Zergling x4  
  24  3:34  Zergling x2  
  26  3:35  Baneling x2  
  26  3:41  Zergling x2  
Tags
 
Add a new tag
Caveats
  • Supply blocks, unpowered buildings, or Contaminate may cause inaccurate times.
  • Supply counts are checked every 10 seconds.